AoeStats
← FriarMan23

Hideout

509965164Analyzed
1v1 RM · 4d ago on Sep 28, 2026· 43m 13s· 2 players
Game mode
Random Map
Map size
Tiny (2 player)
Population
200
Speed
Normal
Resources
Standard
Victory
Conquest
Starting age
Dark Age
Ending age
Imperial Age
RankedLock teamsTeams togetherTeam positionsShared explorationLock speedFull tech treeHidden civsTurbo modeCheats
Victory
Defeat
🇦🇷 Persians · Argentina
427
+14
🇺🇸 Vikings · United States
394
-14
FriarMan23
15:06 Feudal Age
20:29 Double-Bit Axe
20:36 Gold Mining
20:27 Horse Collar
26:33 Castle Age
24:15 Man-at-Arms
24:41 Arson
24:55 Stone Mining
26:47 Crossbowman
27:55 Pikeman
28:12 Long Swordsman
28:57 Squires
35:36 Forging
35:26 Scale Mail Armor
35:31 Scale Barding Armor
35:17 Fletching
38:01 Town Watch
38:28 Bow Saw
44:10 Imperial Age
andresklix77
0:28 Loom
11:22 Feudal Age
15:44 Castle Age
17:38 Double-Bit Axe
19:44 Horse Collar
23:40 Wheelbarrow
23:14 Scale Barding Armor
24:30 Padded Archer Armor
24:23 Gold Mining
30:46 Imperial Age
31:30 Crossbowman
33:40 Fletching
33:56 Heavy Plow
36:47 Hand Cart
37:02 Husbandry
Connection lost

Rejoining the realm…

Still unreachable

The connection could not be restored.

Session expired

The server has moved on; the page needs a fresh start.